 Dungeon Crawl Stone Soup version 0.28-a0-851-g8b9cc49659 (webtiles) character file.

Game seed: 8296712194710074692

63 funkygono the Firebug (level 3, 0/19 HPs)
             Began as a Deep Elf Fire Elementalist on Nov 14, 2021.
             Slain by a wyvern zombie (9 damage)
             ... on level 3 of the Dungeon.
             The game lasted 00:02:56 (2004 turns).

funkygono the Firebug (Deep Elf Fire Elementalist)  Turns: 2004, Time: 00:02:58

Health: 0/19       AC:  2    Str:  5    XL:     3   Next: 87%
Magic:  3/10       EV: 12    Int: 20    God:
Gold:   52         SH:  0    Dex: 15    Spells: 4/10 levels left

rFire   . . .      SeeInvis .   i - +1 dagger (speed)
rCold   . . .      Faith    .   (no shield)
rNeg    . . .      Spirit   .   a - +0 robe
rPois   .          Reflect  .   (no helmet)
rElec   .          Harm     .   (no cloak)
rCorr   .          Rampage  .   (no gloves)
Will    .....                   (no boots)
Stlth   ++........              (no amulet)
HPRegen 0.06/turn               (no ring)
MPRegen 0.12/turn               (no ring)

@: no status effects
A: no striking features
a: no special abilities


You were on level 3 of the Dungeon.
You visited 1 branch of the dungeon, and saw 3 of its levels.

You collected 52 gold pieces.

Inventory:

Hand Weapons
 b - a +0 short sword
 i - a +1 dagger of speed (weapon)
Missiles
 h - 24 stones
Armour
 a - a +0 robe (worn)
Scrolls
 c - a scroll of teleportation {unknown}
 f - 2 scrolls of identify {unknown}
 g - a scroll of fog {unknown}
 k - a scroll of enchant weapon {unknown}
 n - a scroll of enchant armour {unknown}
Potions
 d - 2 potions of degeneration {unknown}
 e - a potion of haste {unknown}
 j - a potion of might {unknown}
 l - a potion of lignification {unknown}
 m - a potion of heal wounds {unknown}


   Skills:
 + Level 2.5 Dodging
 - Level 2.4 Stealth
 * Level 4.1 Spellcasting
 * Level 1.9 Conjurations
 * Level 4.3 Fire Magic


You had 4 spell levels left.
You knew the following spells:

 Your Spells              Type           Power      Damage    Failure   Level
a - Foxfire               Conj/Fire      64%        2x1d7     3%          1
b - Scorch                Fire           42%        2d7       3%          2
c - Conjure Flame         Conj/Fire      16%        6-21      11%         3

Your spell library contained the following spells:

 Spells                   Type           Power      Damage    Failure   Level
 Inner Flame              Hex/Fire       12%        N/A       16%         3
 Flame Wave               Conj/Fire      16%        3d5       34%         4


Dungeon Overview and Level Annotations

Branches:
Dungeon (3/15)

Altars:
Elyvilon


Message History

Casting: Foxfire (safe; 3% risk of failure)
Confirm with . or Enter, or press ? or * to list all spells.
You conjure some foxfire!
A ball python comes into view.
Casting: Foxfire (safe; 3% risk of failure)
Confirm with . or Enter, or press ? or * to list all spells.
You conjure some foxfire!
The foxfire hits the wyvern zombie.
The wyvern zombie is lightly damaged.
The foxfire hits the wyvern zombie but does no damage.
The wyvern zombie is lightly damaged.
Casting: Foxfire (safe; 3% risk of failure)
Confirm with . or Enter, or press ? or * to list all spells.
You conjure some foxfire!
The foxfire hits the wyvern zombie.
The wyvern zombie is lightly damaged.
Unknown command.
Casting: Foxfire (safe; 3% risk of failure)
Confirm with . or Enter, or press ? or * to list all spells.
You conjure some foxfire!
The foxfire hits the wyvern zombie.
The wyvern zombie is moderately damaged.
The foxfire hits the wyvern zombie.
The wyvern zombie is moderately damaged.
The foxfire hits the wyvern zombie.
The wyvern zombie is moderately damaged.
Casting: Foxfire (safe; 3% risk of failure)
Confirm with . or Enter, or press ? or * to list all spells.
You conjure some foxfire!
The foxfire hits the wyvern zombie but does no damage.
The wyvern zombie is moderately damaged.
The wyvern zombie closely misses you.
The foxfire hits the ball python.
You kill the ball python!
The wyvern zombie bites you!
Ouch! That really hurt!
Casting: Foxfire (safe; 3% risk of failure)
Confirm with . or Enter, or press ? or * to list all spells.
You conjure some foxfire!
The foxfire hits the wyvern zombie.
The wyvern zombie is heavily damaged.
The foxfire hits the wyvern zombie but does no damage.
The wyvern zombie is heavily damaged.
The wyvern zombie bites you!
You die...

..# #.#.# #. ..# ###.#.#
. .## .. #..)..#.# .#
#+###.# #.......#
.#####..##.# #....#..##
...........###........#.
#........#.##...§§......
#........#.##..v.#..#.##
...###.........v@Z.†....
...≈≈#..#......§........
.♣..≈#..#.>..........)..
........#.#.............
r_.♣....#.#.........†...
......###.#.............
.♣r.≈#....#.............
...≈≈######.............
...### ###########


You could see a wyvern zombie (ally target).

Vanquished Creatures
  3 adders (D:2)
  A worm (D:2)
  5 ball pythons
  A giant cockroach (D:1)
  5 goblins
  2 hobgoblins (D:2)
  5 kobolds
  3 quokkas
  2 bats
  4 frilled lizards
  3 rats
34 creatures vanquished.

Vanquished Creatures (others)
  127 foxfires
127 creatures vanquished.

Grand Total: 161 creatures vanquished

Notes
Turn   | Place    | Note
-------+----------+-------------------------------------------
     0 | D:1      | funkygono the Deep Elf Fire Elementalist began the quest
                  | for the Orb.
     0 | D:1      | Reached XP level 1. HP: 10/10 MP: 6/6
   503 | D:1      | Found a faded altar of an unknown god.
   679 | D:1      | Reached XP level 2. HP: 15/15 MP: 6/8
   682 | D:1      | Learned a level 2 spell: Scorch
  1279 | D:2      | Reached XP level 3. HP: 19/19 MP: 6/10
  1283 | D:2      | Learned a level 3 spell: Conjure Flame
  1855 | D:2      | You fall into a shaft and drop 1 floor!
  1911 | D:3      | Found a white marble altar of Elyvilon.
  2004 | D:3      | Slain by a wyvern zombie

Illustrated notes

Levels and vault maps discovered:
D:1:      amcnicky_arrival_flooded_fountain, layout_basic,
          ebering_ecumenical_altar_ruins
D:2:      layout_basic, chequers_serial_rivers_micro_c
D:3:      layout_basic, elyvilon_altar_4

Skill      XL: |  1  2  3 |
---------------+----------+-----
Fire Magic     | 4 |  4.3
Spellcasting   | 4 |  4.1
Dodging        | |  2.5
Stealth        | |  2.4
Conjurations   | |  1.9

Action                   || total
-------------------------++-------
Melee: Dagger            ||     1
       Short sword       ||     1
 Cast: Foxfire           ||    76
Armor: Robe              ||     1
Dodge: Dodged            ||     7

Table legend: (Time is in decaauts)
 A = Elapsed time spent in this place.
 B = Non-inter-level travel time spent in this place.
 C = Inter-level travel time spent in this place.
 D = Time resting spent in this place.
 E = Time spent auto-exploring this place.
 F = Levels seen in this place.
 G = Mean time per level.
                   A        B        C        D        E       F      G
               +--------+--------+--------+--------+--------+-----+--------+
         Total |   2002 |   1956 |     46 |     37 |   1669 |   3 |  667.3 |
       Dungeon |   2002 |   1956 |     46 |     37 |   1669 |   3 |  667.3 |
               +--------+--------+--------+--------+--------+-----+--------+

Top non-repeatable levels by time:
     D:1: 1034 daAuts
     D:2: 819 daAuts
     D:3: 148 daAuts
